 Dungeon Crawl Stone Soup version 0.29.1-1-gd02db6906a (webtiles) character file.

Game seed: 14935678415588749508

623 Hadkhar the Shooter (level 7, 0/56 HPs)
             Began as a Barachi Hunter on Sept 23, 2022.
             Was a Follower of Cheibriados.
             Asphyxiated
             ... on level 6 of the Dungeon on Sept 27, 2022.
             The game lasted 00:40:01 (4529 turns).

Hadkhar the Shooter (Barachi Hunter)                Turns: 4529, Time: 00:40:03

Health: 0/56       AC:  7    Str: 15    XL:     7   Next: 47%
Magic:  7/7        EV: 14    Int: 11    God:    Cheibriados [*.....]
Gold:   247        SH:  0    Dex: 19    Spells: 6/6 levels left

rFire   . . .      SeeInvis .   a - +0 shortbow
rCold   . . .      Faith    .   (shield currently unavailable)
rNeg    . . .      Spirit   .   A - +3 leather armour {Will+}
rPois   .          Reflect  .   (no helmet)
rElec   .          Harm     .   u - +0 cloak
rCorr   .          Rampage  .   (no gloves)
Will    +....                   (no boots)
Stlth   ++........              (no amulet)
HPRegen 0.18/turn               w - ring of flight
MPRegen 0.10/turn               (no ring)

@: lethally poisoned (0 -> -16), unable to hop, flying, slowed, very slow
A: amphibious, slowness 1, strong legs 1, +LOS
a: Hop, Renounce Religion, Bend Time


You were on level 6 of the Dungeon.
You worshipped Cheibriados.
Cheibriados was aware of your devotion.
You visited 1 branch of the dungeon, and saw 6 of its levels.

You collected 275 gold pieces.
You spent 28 gold pieces at shops.

Inventory:

Hand Weapons
 a - a +0 shortbow (weapon)
 l - a +2 dagger of venom
 y - the +2 dagger of Mesiasil {flame, rC+}
   (You found it on level 4 of the Dungeon)

   It burns those it strikes, dealing additional fire damage.
   rC:        It protects you from cold.
 z - a +0 falchion
Missiles
 j - 4 atropa-tipped darts
Armour
 e - a scarf of resistance
 u - a +0 cloak (worn)
 A - a +3 leather armour of willpower (worn)
Jewellery
 d - a ring of magical power
 w - a ring of flight (left hand)
Wands
 t - a wand of paralysis (6)
 x - a wand of flame (14)
 B - a wand of roots (6)
Scrolls
 b - 2 scrolls of immolation
 c - a scroll of torment {unknown}
 f - 2 scrolls of identify
 g - a scroll of noise {unknown}
 h - 3 scrolls of magic mapping {unknown}
 i - 2 scrolls of amnesia {unknown}
 k - 3 scrolls of teleportation {unknown}
 m - 2 scrolls of butterflies {unknown}
 n - a scroll of vulnerability {unknown}
 r - a scroll of poison {unknown}
 C - 2 scrolls of silence {unknown}
Potions
 o - a potion of magic {unknown}
 q - 2 potions of curing {unknown}
 s - a potion of mutation {unknown}
 v - a potion of attraction {unknown}
 D - a potion of brilliance {unknown}


   Skills:
 + Level 5.3 Fighting
 + Level 5.6 Ranged Weapons
 + Level 4.3 Armour
 + Level 4.6 Dodging
 - Level 0.8 Stealth


You had 6 spell levels left.
You didn't know any spells.
Your spell library contained the following spells:

 Spells                   Type           Power      Damage    Failure   Level
 Beastly Appendage        Tmut           0%         N/A       41%         1
 Wereblood                Tmut           0%         N/A       54%         2
 Confusing Touch          Hex            0%         N/A       78%         3
 Gell's Gravitas          Tloc           0%         N/A       78%         3
 Lesser Beckoning         Tloc           0%         N/A       78%         3
 Spider Form              Tmut/Pois      0%         N/A       78%         3
 Teleport Other           Tloc           0%         N/A       78%         3
 Yara's Violent Unravell  Hex/Tmut       0%         3d3       100%        5
 Enfeeble                 Hex            0%         N/A       100%        7


Dungeon Overview and Level Annotations

Branches:
Dungeon (7/15)
 Temple: D:4-7

Altars:
Cheibriados
Dithmenos
Fedhas
Qazlal
Trog
Vehumet
Yredelemnul

Shops:
D:2 *


Innate Abilities, Weirdness & Mutations

You are amphibious.
You cover ground slowly.
You can hop short distances.
You have an extended range of vision and can be seen from far away.


Message History

Aim: a kobold brigand, wielding a +0 dagger and quivering curare-tipped darts (heavily wounded, 59% to hit)
You shoot an arrow. The arrow hits the kobold brigand.
The kobold brigand is severely wounded.
You feel sick. The kobold brigand barely misses you.
The kobold brigand hits you with a +0 dagger.
The kobold hits you but does no damage.
Hop to where?
Press: ? - help, Dir - move target, p - kobold brigand Boing!
You feel sick.
The kobold brigand throws a curare-tipped dart.
The curare-tipped dart hits you.
You are more poisoned.
You have difficulty breathing.
You feel as though you will be slow longer.
You feel very sick.
You feel very sick.
You feel sick.
The kobold brigand attacks as you move away!
The kobold brigand closely misses you.
You feel sick.
You feel sick.
The kobold brigand hits you but does no damage.
You feel sick.
You are no longer poisoned.
The kobold brigand hits you with a +0 dagger.
* * * LOW HITPOINT WARNING * * *
There is an escape hatch in the ceiling here.
The kobold barely misses you. The kobold misses you.
The kobold brigand hits you with a +0 dagger.
* * * LOW HITPOINT WARNING * * *
A mysterious force pulls you upwards. The hatch slams shut behind you.
The adder hisses angrily.
Found a scroll of identify.
The kobold misses you. The kobold hits you but does no damage.
The kobold brigand throws a curare-tipped dart.
The curare-tipped dart barely misses you.
The kobold brigand throws a curare-tipped dart.
The curare-tipped dart hits you.
You are lethally poisoned!
You have difficulty breathing.
You die...

#. .. .# #.#
#.. #### #.#
.....##K##
.......K.#
.....S.K@#
.....?....#
...........#
...........#
............
#............
##...........#
###..........
##.......#..


You could see a kobold brigand, an adder and 2 kobolds.

Vanquished Creatures
  Sigmund (D:4)
  Eustachio (D:4)
  A phantom (D:3)
  A scorpion (D:4)
  A hound (D:4)
  An iguana (D:4)
  6 adders
  An ufetubus (D:7)
  An orc (D:3)
  5 endoplasms
  2 giant cockroaches (D:1)
  8 goblins
  8 hobgoblins
  10 jackals
  5 quokkas
  6 ball pythons
  2 bats
  3 frilled lizards
  8 kobolds
  6 rats (D:1)
77 creatures vanquished.

Notes
Turn   | Place    | Note
-------+----------+-------------------------------------------
     0 | D:1      | Hadkhar the Barachi Hunter began the quest for the Orb.
     0 | D:1      | Reached XP level 1. HP: 17/17 MP: 1/1
   620 | D:1      | Reached XP level 2. HP: 17/23 MP: 2/2
   783 | D:1      | Reached skill level 1 in Armour
  1488 | D:2      | Reached XP level 3. HP: 29/29 MP: 3/3
  1488 | D:2      | Found a faded altar of an unknown god.
  1546 | D:2      | Found Taugois's General Store.
  1583 | D:2      | Bought a scroll of identify for 28 gold pieces
  2315 | D:3      | Reached XP level 4. HP: 35/35 MP: 4/4
  2625 | D:3      | Found a basalt altar of Yredelemnul.
  2633 | D:3      | Found a stormy altar of Qazlal.
  2634 | D:3      | Found a shadowy altar of Dithmenos.
  2635 | D:3      | Found a blossoming altar of Fedhas.
  2636 | D:3      | Found a radiant altar of Vehumet.
  2638 | D:3      | Found a snail-covered altar of Cheibriados.
  2924 | D:4      | Found a bloodstained altar of Trog.
  3020 | D:3      | Became a worshipper of Cheibriados the Contemplative
  3056 | D:4      | Noticed a phantom
  3075 | D:3      | Killed a phantom
  3076 | D:3      | Reached XP level 5. HP: 35/42 MP: 5/5
  3156 | D:4      | Reached skill level 5 in Ranged Weapons
  3156 | D:4      | Reached XP level 6. HP: 29/48 MP: 6/6
  3542 | D:4      | Identified the +2 dagger of Mesiasil {flame, rC+}
  3562 | D:4      | Noticed Eustachio
  3595 | D:4      | Killed Eustachio
  3822 | D:4      | Reached XP level 7. HP: 31/55 MP: 7/7
  4118 | D:4      | Noticed Sigmund
  4132 | D:4      | Reached * piety under Cheibriados
  4155 | D:4      | Killed Sigmund
  4156 | D:4      | Reached skill level 5 in Fighting
  4403 | D:4      | You are sucked into a shaft and drop 3 floors!
  4529 | D:6      | Asphyxiated

Illustrated notes

Levels and vault maps discovered:
D:1:      dpeg_arrival_yet_another_circle, layout_basic
D:2:      layout_rooms, hellmonk_ecumenical_altar_leap_of_faith, serial_shops,
          nicolae_shop_hallway_stairs
D:3:      layout_basic, minitemple
D:4:      layout_cave_pools, mainiacjoe_overflow_alcove_1,
          dreamdust_princess_corridor, kennysheep_generic_room_15,
          uniq_eustachio, uniq_sigmund
D:6:      layout_cave_pods, nicolae_wooded_promenade, uniq_menkaure
D:7:      layout_rooms, interstate_on_off, kennysheep_small_circle, uniq_joseph

Skill      XL: |  1  2  3  4  5  6  7 |
---------------+----------------------+-----
Armour         | 1 2 3 4 |  4.3
Fighting       | 3 4 5 |  5.3
Dodging        | 3 4 |  4.6
Ranged Weapons | 5 |  5.6
Stealth        | |  0.8

Action                   |  1- 3 |  4- 6 |  7- 9 || total
-------------------------+-------+-------+-------++-------
Melee: Dagger            |       |    20 |       ||    20
 Fire: Shortbow          |   113 |    67 |    50 ||   230
 Abil: Hop               |     2 |     2 |     2 ||     6
Evoke: Wand              |       |       |     2 ||     2
  Use: Scroll            |     3 |       |       ||     3
       Potion            |       |     3 |     1 ||     4
Armor: Leather armour    |    18 |     9 |    22 ||    49
       Skin              |       |   115 |       ||   115
Dodge: Dodged            |    37 |    41 |    48 ||   126
